AoeStats
← Naksu

Arabia

510193665Analyzed
2v2 RM · 23h ago on Sep 29, 2026· 38m 50s· 4 players
Game mode
Random Map
Map size
Medium (4 player)
Population
200
Speed
Normal
Resources
Standard
Victory
Conquest
Starting age
Dark Age
Ending age
Imperial Age
RankedLock teamsTeams togetherTeam positionsShared explorationLock speedFull tech treeHidden civsTurbo modeCheats
Victory
Defeat
🇦🇷 Varangians · Argentina
1104
+14
🇦🇷 Ethiopians · Argentina
961
+19
🇧🇷 Franks · Brazil
1109
-19
🇧🇷 Lithuanians · Brazil
987
-14
Popotitos
7:45 Loom
10:00 Feudal Age
10:43 Double-Bit Axe
14:19 Town Watch
15:14 Scale Barding Armor
18:24 Bloodlines
20:28 Horse Collar
24:11 Castle Age
23:04 Forging
23:01 Fletching
25:13 Chain Barding Armor
25:29 Iron Casting
25:19 Bow Saw
25:12 Heavy Plow
25:57 Husbandry
29:47 Wheelbarrow
29:39 Gold Mining
Mastropiero
11:12 Feudal Age
21:45 Castle Age
20:22 Fletching
20:32 Padded Archer Armor
20:49 Double-Bit Axe
22:03 Padded Archer Armor
21:59 Horse Collar
22:31 Scale Mail Armor
24:34 Loom
26:53 Ballistics
27:14 Bow Saw
31:05 Crossbowman
33:46 Leather Archer Armor
38:57 Imperial Age
38:12 Bodkin Arrow
Mia.Star
7:25 Loom
10:00 Feudal Age
12:49 Double-Bit Axe
19:40 Castle Age
21:15 Husbandry
22:51 Scale Barding Armor
22:40 Elite Skirmisher
24:29 Forging
27:23 Bloodlines
27:34 Horse Collar
31:31 Thumb Ring
31:45 Fletching
32:31 Iron Casting
Naksu
12:09 Feudal Age
10:24 Loom
16:17 Forging
23:38 Castle Age
21:56 Double-Bit Axe
23:05 Scale Barding Armor
22:55 Gold Mining
26:50 Husbandry
30:16 Wheelbarrow
31:08 Fletching
32:55 Pikeman
Connection lost

Rejoining the realm…

Still unreachable

The connection could not be restored.

Session expired

The server has moved on; the page needs a fresh start.